 Dungeon Crawl Stone Soup version 0.21.1-1-g345015f (console) character file.

39 Homage the Conjurer (level 3, 0/21 HPs)
             Began as an Octopode Conjurer on Apr 20, 2018.
             Slain by a bullfrog (3 damage)
             ... on level 2 of the Dungeon.
             The game lasted 00:04:30 (1261 turns).

Homage the Conjurer (Octopode Conjurer)             Turns: 1261, Time: 00:04:31

Health: 0/21       AC:  1    Str:  7    XL:     3   Next: 45%
Magic:  5/8        EV: 13    Int: 18    God:
Gold:   59         SH:  0    Dex: 12    Spells: 3/9 levels left

rFire    . . .     SeeInvis .   a - +0 short sword (curse)
rCold    . . .     Gourm    .   (no shield)
rNeg     . . .     Faith    .   (helmet restricted)
rPois    .         Spirit   .   (no amulet)
rElec    .         Reflect  .   (no ring)
rCorr    .         Harm     .   (no ring)
MR       .....                  (no ring)
Stlth    +++.......             (no ring)
HPRegen  0.07/turn              (no ring)
MPRegen  0.11/turn              (no ring)
                                (no ring)
                                (no ring)

@: no status effects
A: almost no armour, stealthy swim, amphibious, 8 rings, constrict 8, camouflage
1, gelatinous body 1
a: no special abilities


You were on level 2 of the Dungeon.
You were not hungry.

You visited 1 branch of the dungeon, and saw 2 of its levels.

You collected 59 gold pieces.


Innate Abilities, Weirdness & Mutations

You cannot wear most types of armour.
You are very stealthy in the water. (Stealth+)
You are amphibious.
You can wear up to eight rings at the same time.
You can use your tentacles to constrict eight enemies at once.
Your skin changes colour to match your surroundings (Stealth+).
Your rubbery body absorbs attacks. (AC +1, EV +1)


   Skills:
 - Level 2.0 Dodging
 - Level 2.6 Stealth
 + Level 3.5 Spellcasting
 - Level 4.0 Conjurations


You had 3 spell levels left.
You knew the following spells:

 Your Spells              Type           Power        Failure   Level  Hunger
a - Magic Dart            Conj           ###.         3%          1    None
C - Dazzling Spray        Conj/Hex       ##....       21%         3    ###....
Z - Searing Ray           Conj           ###...       4%          2    ##.....

Inventory:

Hand Weapons
 a - a cursed +0 short sword (weapon)
Scrolls
 d - 2 scrolls of teleportation
 f - a scroll of blinking
Potions
 g - a potion of flight
Books
 e - a book of Conjurations

   Spells                             Type                      Level
   a - Magic Dart                     Conjuration                  1
   b - Searing Ray                    Conjuration                  2
   c - Dazzling Spray                 Conjuration/Hexes            3
   d - Fulminant Prism                Conjuration/Hexes            4
   e - Force Lance                    Conjuration/Translocation    4
   f - Iskenderun's Mystic Blast      Conjuration                  4
Comestibles
 b - 3 rations


Message History

The bullfrog completely misses you.
You hit the bullfrog.
The bullfrog is heavily wounded.
You constrict the bullfrog. The bullfrog hits you.
The bullfrog closely misses you.
You barely miss the bullfrog.
The bullfrog is heavily wounded.
You constrict the bullfrog. The bullfrog hits you.
* * * LOW HITPOINT WARNING * * *
The bullfrog closely misses you.
You release your grip on the bullfrog.
Casting: Dazzling Spray
Confirm with . or Enter, or press ? or * to list all spells.
Aiming: Magic Dart
Press: ? - help, Shift-Dir - straight line, f/p - bullfrog
Aim: a bullfrog (heavily wounded)
The magic dart hits the bullfrog.
The bullfrog is severely wounded.
The bullfrog hits you.
You die...

..........##
...........#
...........# #
~..~.......### .#
.~~.....g..'K##.###
g~~.....K..'g.....#
~..~...(...##s#.#.#
.........(.##F#.#.###
...........#.@.......
..........###.#...##.
.........## #.#...#
......(.##. #)....#
.......##.. #.#..##
......##...##.#..###.#
#.(..<....>....#
.......##.########
####### #.#


You could see a bullfrog, a giant cockroach, a goblin and a kobold.

Vanquished Creatures
  A gnoll (D:1)
  A dart slug (D:1)
  A leopard gecko (D:1)
  6 bats (D:1)
  3 giant cockroaches (D:1)
  2 hobgoblins (D:1)
  A ball python (D:1)
  2 frilled lizards (D:1)
  A goblin (D:1)
  8 kobolds (D:1)
  2 rats (D:1)
28 creatures vanquished.

Notes
Turn   | Place    | Note
-------+----------+-------------------------------------------
     0 | D:1      | Homage the Octopode Conjurer began the quest for the Orb.
     0 | D:1      | Reached XP level 1. HP: 11/11 MP: 3/3
   196 | D:1      | Reached XP level 2. HP: 17/17 MP: 0/5
   370 | D:1      | Reached skill level 3 in Spellcasting
   370 | D:1      | Reached XP level 3. HP: 9/21 MP: 5/7
   376 | D:1      | Learned a level 3 spell: Dazzling Spray
   379 | D:1      | Learned a level 2 spell: Searing Ray
  1240 | D:2      | Noticed a bullfrog
  1259 | D:2      | HP: 3/21 [bullfrog (6)]
  1261 | D:2      | Slain by a bullfrog

Vault maps used:
D:1:      minmay_arrival_wavy_path, minmay_tree_intersection,
          hangedman_decor_clover_reticule
D:2:      kennysheep_big_flooded_room, old_standard_altar, first_ration,
          kennysheep_generic_room_6, uniq_natasha

Action                   || total
-------------------------++-------
Melee: Unarmed           ||     7
       Tentacles         ||    11
       Constrict         ||    14
       Dagger            ||    33
       Short sword       ||     9
 Cast: Magic Dart        ||    13
       Dazzling Spray    ||     1
  Use: Potion            ||     3
       Scroll            ||     3
 Stab: Sleeping          ||    11
  Eat: Chunk             ||     1
Armor: Skin              ||     5
Dodge: Dodged            ||    41
